 Dungeon Crawl Stone Soup version 0.24.0-37-gcf1ca852f1 (webtiles) character file.

Game seed: 8811699788364204389, levelgen mode: deterministic

3200 Kobolds4U the Carver (level 9, 0/72 HPs)
             Began as a Demonspawn Berserker on Nov 17, 2019.
             Was an Elder of Trog.
             Slain by Erica
             ... wielding a +2 scimitar of flaming
              (1 damage)
             ... on level 7 of the Dungeon on Nov 24, 2019.
             The game lasted 00:17:57 (7928 turns).

Kobolds4U the Carver (Demonspawn Berserker)         Turns: 7928, Time: 00:17:57

Health: 0/72       AC: 13    Str: 24    XL:     9   Next: 64%
Magic:  9/9        EV: 10    Int:  8    God:    Trog [****..]
Gold:   266        SH:  3    Dex: 15    Spells: 8/8 levels left

rFire    . . .     SeeInvis .   t - +0 long sword
rCold    . . .     Gourm    .   (no shield)
rNeg     . . .     Faith    .   d - +0 chain mail
rPois    .         Spirit   .   (no helmet)
rElec    .         Reflect  +   s - +0 cloak
rCorr    .         Harm     .   I - +1 pair of gloves
MR       +....     Rnd*Tele +   u - +0 pair of boots
Stlth    ..........             z - +3 amulet of reflection
HPRegen  0.22/turn              k - ring of teleportation (curse)
MPRegen  0.11/turn              l - ring of protection from magic

@: mighty, starving
A: hooves 1, foul stench 2, rot immunity, sturdy frame 1
a: Berserk, Trog's Hand, Brothers in Arms, Renounce Religion


You were on level 7 of the Dungeon.
You worshipped Trog.
Trog was greatly pleased with you.
You were starving.

You visited 1 branch of the dungeon, and saw 8 of its levels.

You collected 376 gold pieces.
You spent 110 gold pieces at shops.

Inventory:

Hand Weapons
 a - a +0 falchion
 i - a +4 dagger
 t - a +0 long sword (weapon)
Armour
 d - a +0 chain mail (worn)
 s - a +0 cloak (worn)
 u - a +0 pair of boots (worn)
 I - a +1 pair of gloves (worn)
 J - +0 ice dragon scales
Jewellery
 k - a cursed ring of teleportation (left hand)
 l - a ring of protection from magic (right hand)
 r - an uncursed amulet of regeneration
 z - a +3 amulet of reflection (around neck)
Wands
 q - a wand of polymorph (15)
 B - a wand of acid (12)
 C - a wand of flame (7)
 D - a wand of enslavement (9)
 E - a wand of iceblast (7)
Scrolls
 b - 5 scrolls of identify
 e - 2 scrolls of immolation {unknown}
 j - a scroll of magic mapping {unknown}
 n - a scroll of teleportation
 v - 2 scrolls of fog {unknown}
 w - a scroll of fear
 y - 2 scrolls of remove curse {unknown}
 A - a scroll of brand weapon {unknown}
 G - a scroll of vulnerability {unknown}
 H - a scroll of noise {unknown}
Potions
 f - 4 potions of curing
 g - 2 potions of flight {unknown}
 h - 2 potions of degeneration {unknown}
 m - a potion of cancellation {unknown}
 o - 2 potions of invisibility {unknown}
 p - 2 potions of might
 x - a potion of heal wounds {unknown}
Comestibles
 c - 14 rations


   Skills:
 - Level 7.2 Fighting
 + Level 10.7 Long Blades
 + Level 3.5 Armour
 - Level 1.7 Dodging


You had 8 spell levels left.
You didn't know any spells.
Your spell library was empty.

Dungeon Overview and Level Annotations

Branches:
Dungeon (8/15)             Temple (0/1) D:7
   Lair: D:8-11

Altars:
Cheibriados
Elyvilon
Fedhas
Hepliaklqana
Makhleb
Sif Muna
Wu Jian
Yredelemnul

Shops:
D:5 %

Annotations:
D:7 3 runed translucent doors, Erica; Zaque's ghost, novice TrHu


Innate Abilities, Weirdness & Mutations

You have large cloven feet.
You frequently emit foul miasma when damaged in melee.
You are immune to rotting.
Your movements are slightly less encumbered by armour. (ER -2)


Message History

The burst of metal fragments hits something!
A burst of metal fragments appears from out of thin air!
The burst of metal fragments misses you.
A burst of metal fragments appears from out of thin air!
The burst of metal fragments hits you but does no damage.
A burst of metal fragments appears from out of thin air!
The burst of metal fragments misses you.
A burst of metal fragments appears from out of thin air!
The burst of metal fragments hits you but does no damage.
A burst of metal fragments appears from out of thin air!
The burst of metal fragments misses you.
A burst of metal fragments appears from out of thin air!
The burst of metal fragments hits you but does no damage.
A burst of metal fragments appears from out of thin air!
The burst of metal fragments misses you.
The now-empty wand crumbles to dust.
Something hits you.
* * * LOW HITPOINT WARNING * * *
Something burns you.
You die...

..#.....#.................#..#...
#+###'###.................##+#...
............##########...........
.#####......#....#...'...........
##...##.....'....#...#...........
5.....#.....#....#...#...........
.###..##....#.##(###.#...........
.. #..#.####.##(###.##.....#####
=.. #..#.#....>{@.....#.....#....
... #..#.#.......>....#.....#....
)(##..##.#............#...>.#....
###...#..###...⌠.⌠.⌠..#.....#+###
....Y##..#####.8.8.8.##........##
.....#................#..).....#.
....##.#..............#........#.
++###..#'###'##########........##
........................####.....


There were no monsters in sight!

Vanquished Creatures
  Pikel (D:6)
  Joseph (D:7)
  Prince Ribbit (D:8)
  Sigmund (D:3)
  Grum (D:8)
  An ice beast (D:5)
  An orc warrior (D:7)
  2 black bears (D:7)
  A phantom (D:7)
  A centaur (D:6)
  A wolf (D:7)
  3 ogres
  A big kobold (D:7)
  4 bullfrogs
  2 scorpions (D:7)
  A quasit (D:7)
  3 hounds
  An orc priest (D:4)
  A bullfrog skeleton (D:2)
  A centaur skeleton (D:7)
  An iguana (D:6)
  4 orc wizards
  Jessica (D:2)
  5 worker ants
  Robin (D:2)
  8 adders
  A worm (D:2)
  2 dart slugs
  5 leopard geckos
  19 orcs
  A giant cockroach (D:1)
  16 goblins
  15 hobgoblins
  4 jackals
  15 kobolds
  3 quokkas
  3 ball pythons
  10 bats
  5 frilled lizards
  A jackal zombie (D:6)
  A leopard gecko skeleton (D:4)
  A quokka skeleton (D:5)
  10 rats
161 creatures vanquished.

Vanquished Creatures (others)
  A phantom (D:6)
  A howler monkey (D:6)
  An orc wizard (D:6)
3 creatures vanquished.

Grand Total: 164 creatures vanquished

Notes
Turn   | Place    | Note
-------+----------+-------------------------------------------
     0 | D:1      | Kobolds4U the Demonspawn Berserker began the quest for the
                  | Orb.
     0 | D:1      | Reached XP level 1. HP: 18/18 MP: 1/1
   218 | D:1      | Reached skill level 3 in Long Blades
   489 | D:1      | Gained mutation: You are immune to rotting. [demonic
                  | ancestry]
   489 | D:1      | Reached XP level 2. HP: 24/24 MP: 2/2
  1061 | D:1      | Reached ** piety under Trog
  1180 | D:2      | Reached XP level 3. HP: 24/29 MP: 3/3
  1323 | D:2      | Reached skill level 4 in Long Blades
  1436 | D:2      | Noticed Jessica
  1989 | D:2      | Killed Jessica
  1989 | D:2      | Gained mutation: You may emit foul miasma when damaged in
                  | melee. [demonic ancestry]
  1989 | D:2      | Reached XP level 4. HP: 27/35 MP: 4/4
  2114 | D:2      | Noticed Robin
  2128 | D:2      | Killed Robin
  2151 | D:2      | Reached skill level 5 in Long Blades
  2160 | D:2      | Reached XP level 5. HP: 32/41 MP: 5/5
  2606 | D:2      | Found a shimmering blue altar of Sif Muna.
  2656 | D:3      | Upgraded the game from 0.24.0-35-gdb84b6a5db to
                  | 0.24.0-37-gcf1ca852f1
  2802 | D:3      | Reached *** piety under Trog
  2991 | D:3      | Found a white marble altar of Elyvilon.
  3118 | D:3      | Found a hazy altar of Hepliaklqana.
  3118 | D:3      | Found a shimmering blue altar of Sif Muna.
  3119 | D:3      | Found an ornate altar of the Wu Jian Council.
  3121 | D:3      | Found a snail-covered altar of Cheibriados.
  3125 | D:3      | Found a basalt altar of Yredelemnul.
  3142 | D:3      | Noticed Sigmund
  3269 | D:3      | Reached skill level 6 in Long Blades
  3323 | D:3      | Found a faded altar of an unknown god.
  3414 | D:3      | Killed Sigmund
  3414 | D:3      | Gained mutation: You have large cloven feet. [demonic
                  | ancestry]
  3414 | D:3      | Reached XP level 6. HP: 26/47 MP: 6/6
  4100 | D:4      | Reached skill level 7 in Long Blades
  4143 | D:4      | Gained mutation: Your movements are slightly less
                  | encumbered by armour. (ER -2) [demonic ancestry]
  4143 | D:4      | Reached XP level 7. HP: 52/52 MP: 7/7
  4492 | D:5      | Entered Level 5 of the Dungeon
  4552 | D:5      | Found a blossoming altar of Fedhas.
  4584 | D:5      | Reached **** piety under Trog
  4769 | D:5      | Reached skill level 8 in Long Blades
  5314 | D:5      | Found Gono's Food Shoppe.
  5317 | D:5      | Bought a ration for 55 gold pieces
  5317 | D:5      | Bought a ration for 55 gold pieces
  5458 | D:6      | Noticed Pikel
  5475 | D:6      | Killed Pikel
  5475 | D:6      | Reached skill level 9 in Long Blades
  5475 | D:6      | Gained mutation: You frequently emit foul miasma when
                  | damaged in melee. [demonic ancestry]
  5475 | D:6      | Reached XP level 8. HP: 61/61 MP: 8/8
  5713 | D:6      | Reached skill level 5 in Fighting
  5943 | D:6      | Found a burning altar of Makhleb.
  6126 | D:7      | Found a runed translucent gate.
  6127 | D:7      | Found a runed translucent gate.
  6354 | D:7      | Found a runed translucent gate.
  6402 | D:7      | Found a staircase to the Ecumenical Temple.
  6512 | D:7      | Noticed Joseph
  6524 | D:7      | Killed Joseph
  6524 | D:7      | Reached skill level 10 in Long Blades
  6524 | D:7      | Reached XP level 9. HP: 46/71 MP: 9/9
  7272 | D:7      | Noticed Zaque's ghost (novice TrHu)
  7652 | D:8      | Noticed Prince Ribbit
  7653 | D:8      | Noticed Grum
  7662 | D:8      | Killed Prince Ribbit
  7694 | D:8      | Noticed Erica
  7905 | D:8      | Killed Grum
  7921 | D:7      | HP: 1/72 [something/orb of energy (22)]
  7928 | D:7      | HP: 1/72 [something (2)]
  7928 | D:7      | Slain by Erica

Levels and vault maps discovered:
D:1:      evilmike_arrival_hilbert_curve, layout_basic
D:2:      layout_rooms, lemuel_blue_sif_altar, uniq_robin, uniq_jessica
D:3:      minmay_recursive_quarters, layout_basic, minitemple, first_ration,
          chequers_ecumenical_altar_island, uniq_sigmund
D:4:      layout_rooms
D:5:      layout_basic, fedhas_altar_2, serial_shops, nicolae_shop_behind_doors
D:6:      layout_rooms, marbit_many_paths, uniq_pikel
D:7:      layout_gridville, minmay_temple_entry_drinking_statues,
          gammafunk_ghost_icy, uniq_joseph
D:8:      layout_basic, uniq_erica, uniq_prince_ribbit1, uniq_grum

Skill      XL: |  1  2  3  4  5  6  7  8  9 |
---------------+----------------------------+-----
Long Blades    | 3 4 5 6 7 9 10 | 10.7
Fighting       | 4 6 7 |  7.2
Armour         | 3 |  3.5
Dodging        | |  1.7

Action                   |  1- 3 |  4- 6 |  7- 9 || total
-------------------------+-------+-------+-------++-------
Melee: Falchion          |    91 |       |       ||    91
       Dagger            |    45 |   227 |    40 ||   312
       Kick              |       |    12 |    22 ||    34
       Long sword        |       |       |   252 ||   252
Invok: Berserk           |       |     1 |     3 ||     4
       Trog's Hand       |       |       |     2 ||     2
  Use: Scroll            |       |     1 |     2 ||     3
       Potion            |       |       |     1 ||     1
  Eat: Chunk             |     3 |     8 |    14 ||    25
Armor: Chain mail        |    91 |   111 |   166 ||   368
       Animal skin       |     2 |       |       ||     2
Dodge: Dodged            |    58 |    56 |   167 ||   281
Block: Other             |       |    12 |    33 ||    45
       Reflection        |       |       |     3 ||     3
       Rpst.: Falchion   |    15 |       |       ||    15
       Long sword        |       |       |    47 ||    47
